 Dungeon Crawl Stone Soup version 0.19.1 (webtiles) character file.

98 Patate the Sneak (level 4, -2/21 HPs)
             Began as a Spriggan Enchanter on Dec 25, 2016.
             Killed from afar by an orc wizard (9 damage)
             ... with a puff of flame
             ... on level 2 of the Dungeon.
             The game lasted 00:06:23 (3158 turns).

Patate the Sneak (Spriggan Enchanter)               Turns: 3158, Time: 00:06:23

Health: -2/21      AC:  3    Str:  5    XL:     4   Next: 43%
Magic:  2/18       EV: 20    Int: 16    God:
Gold:   79         SH:  0    Dex: 16    Spells: 3 memorised, 2 levels left

rFire  . . .     SeeInvis +     a - +1 dagger
rCold  + . .     Gourm    .     b - +1 robe
rNeg   . . .     Faith    .     (shield restricted)
rPois  .         Spirit   .     (helmet restricted)
rElec  .         Reflect  .     (no cloak)
rCorr  .         Harm     .     (gloves unavailable)
MR     .....                    (boots unavailable)
Stlth  ++++......               (no amulet)
                                g - ring of protection from cold
                                k - ring of magical power

@: very slightly contaminated, very quick
A: unfitting armour, see invisible, herbivore 3, speed 3, slow metabolism 2
a: no special abilities


You were on level 2 of the Dungeon.
You were near starving.

You visited 1 branch of the dungeon, and saw 3 of its levels.

You collected 79 gold pieces.

Inventory:

Hand Weapons
 a - a +1 dagger (weapon)
Armour
 b - a +1 robe (worn)
Jewellery
 g - a ring of protection from cold (right hand)
 i - an uncursed ring of protection from fire
 k - a ring of magical power (left hand)
Scrolls
 e - 3 scrolls of enchant weapon {unknown}
 f - 2 scrolls of identify
 h - a scroll of magic mapping {unknown}
 m - a scroll of amnesia {unknown}
 n - a scroll of fear {unknown}
 o - 2 scrolls of teleportation
Potions
 j - a potion of heal wounds {unknown}
 p - 2 potions of curing
Books
 c - a book of Maledictions

   Spells                             Type                      Level
   a - Corona                         Hexes                        1
   b - Ensorcelled Hibernation        Hexes/Ice                    2
   c - Confuse                        Hexes                        3
   d - Tukima's Dance                 Hexes                        3
   e - Dazzling Spray                 Conjuration/Hexes            3
Comestibles
 d - 2 bread rations
 l - 2 fruits


   Skills:
 - Level 1.1 Short Blades
 + Level 4.7 Dodging
 * Level 7.0 Stealth
 - Level 2.6 Spellcasting
 - Level 3.6 Hexes


You had 2 spell levels left.
You knew the following spells:

 Your Spells              Type           Power        Failure   Level  Hunger
a - Corona                Hex            ##.....      6%          1    #......
b - Ensorcelled Hibernat  Hex/Ice        #.....       17%         2    ##.....
c - Confuse               Hex            ##......     14%         3    ###....


Dungeon Overview and Level Annotations

Branches:
Dungeon (3/15)

Altars:
Fedhas


Innate Abilities, Weirdness & Mutations

You are very small and have problems with some larger weapons.
You are too small for most types of armour.
You have supernaturally acute eyesight. (SInv)
You are a herbivore.
You cover ground extremely quickly.
You need consume almost no food.


Message History

Aiming: Confuse
Press: ? - help, Shift-Dir - straight line, f/p - orc wizard
Aim: an orc wizard, wielding a dagger and wearing a robe (lightly wounded, slightly transparent, chance to defeat MR: 44%)
The orc wizard resists with some effort.
You are near starving!
The orc wizard hits you with a dagger.
* * * LOW HITPOINT WARNING * * *
You barely miss the orc wizard.
The orc wizard is lightly wounded.
The orc wizard misses you.
There is an open door here.
The orc wizard casts a spell at you.
You easily resist.
A goblin comes into view.
You hit the goblin.
The goblin is heavily wounded.
The goblin misses you.
The orc wizard gestures at you while chanting.
The puff of flame hits you!
You die...

#.#############......#..
#>)...........'.........
#######'#######.†.######
#....o..#.......#
#...............#
#.....###.......#
#.....#.##....###
########.##.#....#
#.....##@.##.....##
#.....)g......##..#
#............#.##.#
#########........##.#.#
#....# #......#..###.#
#.##.# #......##.....#
#.##.# ####'##########
#.##.# #...# #.##.#
#.##########


You could see an orc wizard (invisible) and a goblin.

Vanquished Creatures
  4 adders (D:2)
  A shadow imp (D:3)
  2 oozes (D:2)
  A worm (D:2)
  A leopard gecko (D:1)
  An orc (D:3)
  2 giant cockroaches
  6 hobgoblins
  2 jackals (D:3)
  A quokka (D:2)
  6 bats
  3 frilled lizards
  4 goblins
  6 kobolds
  5 rats
45 creatures vanquished.

Notes
Turn   | Place    | Note
-------+----------+-------------------------------------------
     0 | D:1      | Patate the Spriggan Enchanter began the quest for the Orb.
     0 | D:1      | Reached XP level 1. HP: 9/9 MP: 5/5
   489 | D:1      | Reached skill level 5 in Stealth
   545 | D:1      | Reached XP level 2. HP: 12/13 MP: 6/6
   549 | D:1      | Learned a level 2 spell: Ensorcelled Hibernation
  1815 | D:2      | Reached XP level 3. HP: 14/16 MP: 8/8
  1842 | D:2      | Learned a level 3 spell: Confuse
  1946 | D:2      | Reached skill level 6 in Stealth
  2449 | D:2      | Reached XP level 4. HP: 21/21 MP: 9/9
  2852 | D:3      | Found a blossoming altar of Fedhas.
  3006 | D:3      | Reached skill level 7 in Stealth
  3124 | D:3      | Noticed an ogre
  3158 | D:2      | Killed from afar by an orc wizard

Skill      XL: |  1  2  3  4 |
---------------+-------------+-----
Stealth        | 5 6 7 |  7.0
Dodging        | 4 |  4.7
Short Blades   | |  1.1
Spellcasting   | |  2.6
Hexes          | |  3.6

Action                   |  1- 3 |  4- 6 || total
-------------------------+-------+-------++-------
Melee: Dagger            |   147 |    75 ||   222
 Cast: Ensorcelled Hiber |    12 |    11 ||    23
       Confuse           |       |     7 ||     7
  Use: Scroll            |     3 |       ||     3
       Potion            |     1 |       ||     1
 Stab: Sleeping          |    12 |     5 ||    17
       Confused          |       |     2 ||     2
  Eat: Fruit             |       |     1 ||     1
Armor: Robe              |    15 |     7 ||    22
Dodge: Dodged            |   118 |    81 ||   199
